 Dungeon Crawl Stone Soup version 0.19.1-1-g22dce08 (webtiles) character file.

370262 Gargoyl the Envoy of Void (level 22, -27/195 (196) HPs)
             Began as a Ghoul Abyssal Knight on Jan 17, 2017.
             Was a High Priest of Lugonu.
             Collided with a metal wall (45 damage)
             ... caused by an ancient lich
             ... on level 4 of the Vaults on Jan 18, 2017.
             The game lasted 01:52:58 (36638 turns).

Gargoyl the Envoy of Void (Ghoul Abyssal Knight)   Turns: 36638, Time: 01:52:59

HP:   -27/195 (196) AC: 46    Str: 26    XL:     22   Next: 65%
MP:   30/34         EV:  6    Int: 10    God:    Lugonu [*****.]
Gold: 3845          SH: 27    Dex: 17    Spells: 0 memorised, 21 levels left

rFire  + . .     SeeInvis .     k - +9 war axe of the Lurker {chop, Dex+5}
rCold  + . .     Gourm    .     F - +3 crystal plate armour of Crawling {Slay+4}
rNeg   + + +     Faith    .     H - +5 large shield of Fanaticism {rPois Regen+}
rPois  ∞         Spirit   .     V - +1 helmet
rElec  .         Reflect  .     G - +1 cloak of Indomitability {rF+ Str+2 Int+3}
rCorr  .         Harm     .     u - +2 pair of gloves
MR     +....                    B - +2 pair of boots
Stlth  ..........               (no amulet)
                                Z - +5 ring of slaying
                                h - ring of the Fiend {AC+6 Dex+2}

@: marked, rotting, slowed, very slow
A: rotting body, claws 1, carnivore 3, cold resistance 1, negative energy
resistance 3, slow regeneration 1, torment resistance, unbreathing
a: Depart the Abyss, Bend Space, Banish, Corrupt, Enter the Abyss, Renounce
Religion
}: 2/15 runes: serpentine, abyssal


You were on level 4 of the Vaults.
You worshipped Lugonu.
Lugonu was extremely pleased with you.
You were not hungry.

You visited 5 branches of the dungeon, and saw 32 of its levels.
You visited the Abyss 5 times.
You also visited: Ice Cave and Volcano.

You collected 3998 gold pieces.
You spent 153 gold pieces at shops.

Inventory:

Hand Weapons
 f - a +1 broad axe
 k - the +9 war axe of the Lurker (weapon) {chop, Dex+5}
   (You bought it in a shop on level 5 of the Dungeon)

   It inflicts extra damage upon your enemies.
   It affects your dexterity (+5).
 n - a +0 war axe of protection
 M - a +1 demon trident of electrocution
Missiles
 I - 38 tomahawks (quivered)
Armour
 u - a +2 pair of gloves (worn)
 B - a +2 pair of boots (worn)
 F - the +3 crystal plate armour of Crawling (worn) {Slay+4}
   (You acquired it on level 9 of the Dungeon)

   It affects your accuracy and damage with ranged weapons and melee attacks
   (+4).
 G - the +1 cloak of Indomitability (worn) {rF+ Str+2 Int+3}
   (You found it on level 5 of the Abyss)

   It affects your strength (+2).
   It affects your intelligence (+3).
   It protects you from fire.
 H - the +5 large shield of Fanaticism (worn) {rPois Regen+}
   (You found it on level 9 of the Dungeon)

   It protects you from poison.
   It increases your rate of regeneration.
 V - a +1 helmet (worn)
Jewellery
 d - an uncursed ring of protection from magic
 e - an uncursed ring of protection from cold
 h - the ring of the Fiend (left hand) {AC+6 Dex+2}
   (You found it on level 6 of the Lair of Beasts)

   [ring of protection]

   It affects your AC (+6).
   It affects your dexterity (+2).
 s - the ring "Uviqiux" {rC+ Str+2}
   (You found it on level 3 of the Abyss)

   [ring of protection from cold]

   It affects your strength (+2).
   It protects you from cold.
 S - an uncursed ring of see invisible
 T - an uncursed ring of protection from fire
 W - an uncursed ring of protection from cold
 Z - a +5 ring of slaying (right hand)
Wands
 p - a wand of lightning (6/15)
 K - a wand of heal wounds (0/9)
Scrolls
 g - 4 scrolls of fog
 i - 3 scrolls of enchant weapon
 j - 13 scrolls of remove curse
 o - 2 scrolls of fear
 q - 9 scrolls of teleportation
 r - a scroll of blinking
 x - a scroll of summoning
 L - a scroll of amnesia
 O - a scroll of recharging
 P - 2 scrolls of magic mapping
Potions
 a - 10 potions of might
 m - 2 potions of magic
 v - 5 potions of agility
 w - 5 potions of flight
 z - 2 potions of brilliance
 A - 2 potions of resistance
 D - 3 potions of ambrosia
 J - 3 potions of curing
 Q - 2 potions of haste
Books
 y - a book of Geomancy

   Spells                             Type                      Level
   a - Sandblast                      Earth                        1
   b - Passwall                       Transmutation/Earth          2
   c - Stone Arrow                    Conjuration/Earth            3
   d - Petrify                        Transmutation/Earth          4
   e - Lee's Rapid Deconstruction     Earth                        5
Miscellaneous
 N - a sack of spiders
Comestibles
 b - 4 slices of pizza
 c - 4 meat rations
 t - 6 beef jerkies
 C - 22 royal jellies


   Skills:
 + Level 16.3 Fighting
 + Level 18.0 Axes
 + Level 0.5 Throwing
 * Level 16.4 Armour
 + Level 2.4 Dodging
 + Level 16.8 Shields
 * Level 18.2 Invocations
 + Level 1.0 Evocations


You had 21 spell levels left.
You didn't know any spells.

Dungeon Overview and Level Annotations

Branches:
Dungeon (15/15)            Temple (0/1) D:6            Lair (6/6) D:11
  Swamp (0/4) Lair:4        Snake (4/4) Lair:4        Slime (0/5) Lair:6
    Orc (2/2) D:11            Elf (0/3) Orc:2        Vaults (5/5) D:14
  Crypt (0/3) Vaults:3     Depths (0/5) D:15

Altars:
Ashenzari
Dithmenos
Elyvilon
Gozag
Kikubaaqudgha
Makhleb
Nemelex Xobeh
Okawaru
Ru
Sif Muna
Trog
Uskayaw
Vehumet
Xom
Yredelemnul
Beogh
Jiyva

Shops:
D:5 (   D:8 (   D:15 *   Orc:2 [((?   Snake:2 (   Snake:4 }


Innate Abilities, Weirdness & Mutations

Your body is rotting away.
You thrive on raw meat.
You are immune to poison.
You have sharp fingernails.
You are carnivorous and can eat meat at any time.
Your flesh is cold resistant. (rC+)
You are immune to negative energy. (rN+++)
You regenerate slowly when monsters are visible.
You are immune to unholy pain and torment.
You can survive without breathing.


Message History

You slash the ancient lich!
The storm dragon bites you but does no damage.
You block the storm dragon's attack.
The storm dragon tramples you but does no damage.
You block the ancient lich's attack. The storm dragon bites you!
* * * LOW HITPOINT WARNING * * *
You block the storm dragon's attack.
The storm dragon tramples you but does no damage.
The vault sentinel drinks a potion.
The vault sentinel is healed!
Press: ? - help, Shift-Dir - straight line, f - storm dragon
Aim: a storm dragon (lightly wounded, unusually strong, chance to defeat MR: 30%)
The storm dragon is devoured by a tear in reality.
Lugonu claims a new guest.
You feel somewhat more hungry. You block the vault warden's attack.
The ancient lich casts a spell at you. The lance of force hits you!
* * * LOW HITPOINT WARNING * * *
You are knocked back by the lance of force.
You slam into the metal wall!
You die...

.#.......#.........#
.'.......#.........########
.'.......+.....pL..#......#
.#########.....p§).#......# ##
#.....§...#......# #
#....§.§..+......# ##
#.........#..)<..####### .##
#...[.....#......#....{. ..##
#......@..#......#.####'
#..##############+##......[[#(+.)
##..'.#..'...#..#.####'####[#[#..
##.##'#########'##.......[)####'
###.#..#...#..#.'.......#)[....
#.#..#.8.#..#.#..#....#######
#####'...###'##..##...#
#.#..#)[[#..#.#..#....#
#.#..#)>.#..#.#....[..#


You could see a vault sentinel.

Vanquished Creatures
  The ghost of eskilway the Wrestler, an adept TrMo of Okawaru (Vaults:5)
  2 golden dragons
  A profane servitor (Abyss:4)
  A bone dragon (Abyss:3)
  Jorgrun (Vaults:3)
  A tentacled monstrosity (Vaults:5)
  A lich (Abyss:4)
  3 sphinxes
  3 tengu reavers
  8 tentacled starspawn
  Kirke (Lair:6)
  A storm dragon (Vaults:5)
  Donald (Snake:4)
  Roxanne (Snake:4)
  3 fire giants
  A revenant (Abyss:3)
  7 nagarajas
  2 frost giants
  2 orc warlords
  4 deep elf sorcerers
  7 vault wardens
  Aizul (Snake:4)
  17 ironheart preservers
  A deep elf elementalist (Vaults:5)
  2 very ugly things
  A war gargoyle (Vaults:3)
  4 stone giants
  An entropy weaver (Vaults:3)
  A lorocyproca (Abyss:3)
  A deep elf annihilator (Vaults:4)
  The ghost of soukkis the Basher, a journeyman MiFi (Snake:1)
  An eidolon (Abyss:5)
  2 ettins (Vaults:4)
  5 great orbs of eyes
  2 fire dragons
  30 vault guards
  11 ogre magi
  5 yaktaur captains
  2 rakshasas
  2 ice dragons
  20 naga warriors
  3 anacondas
  The ghost of fatfloppyjuicyveiny the Crack Shot, a journeyman CeHu of Okawaru (Lair:1)
  A catoblepas (Lair:4)
  6 centaur warriors
  14 death yaks
  A dancing weapon (Vaults:5)
  A death knight (Vaults:3)
  2 deep troll shamans
  3 vampire magi (Vaults:3)
  3 deep troll earth magi (Vaults:1)
  10 thrashing horrors (Abyss:3)
  3 orc high priests
  2 tengu warriors (D:15)
  A soul eater (Abyss:3)
  4 deep elf knights
  15 naga sharpshooters
  2 sun demons
  5 wretched stars
  A fire crab (Lair:6)
  A titan skeleton (Vaults:4)
  4 shock serpents
  4 shadow wraiths
  The ghost of mora the Basher, a novice DsBe of Trog (D:8)
  A salamander mystic (Snake:2)
  An unseen horror (D:14)
  2 sixfirhies
  8 deep trolls
  13 skeletal warriors
  An unseen horror (shapeshifter) (Vaults:4)
  6 spatial maelstroms
  8 glowing orange brains
  A shadow demon (Abyss:3)
  3 phantasmal warriors
  8 naga ritualists
  11 hill giants
  5 deep elf archers
  22 orc knights
  2 lindwurms
  A harpy (shapeshifter) (Vaults:3)
  17 ironbrand convokers
  A wizard (Vaults:1)
  3 necromancers
  A flayed ghost (Vaults:3)
  5 harpies (Vaults:2)
  12 deep elf magi
  40 ugly things
  A fire giant zombie (Abyss:3)
  8 orc sorcerers
  6 salamanders
  17 mana vipers
  2 wolf spiders
  2 worldbinders (Abyss:3)
  12 cyclopes
  2 manticores
  A guardian serpent (shapeshifter) (Vaults:4)
  14 vault sentinels
  An ice statue (IceCv)
  28 elephants
  A molten gargoyle (Volcano)
  A stone giant skeleton (Vaults:4)
  38 black mambas
  Joseph (D:9)
  2 torpor snails
  10 smoke demons
  A rust devil (Abyss:3)
  2 guardian serpents
  10 spiny frogs
  27 naga magi
  4 rime drakes
  A komodo dragon (shapeshifter) (Vaults:5)
  5 komodo dragons
  A tormentor (Abyss:3)
  5 ancient zymes
  9 freezing wraiths
  24 yaktaurs
  2 kobold demonologists
  A rime drake (shapeshifter) (D:14)
  A harpy zombie (D:13)
  A hellwing (Abyss:3)
  A red devil (Abyss:3)
  A human skeleton (Vaults:4)
  A tengu conjurer (D:15)
  A queen bee (D:12)
  11 trolls
  Prince Ribbit (D:5)
  5 hornets
  25 two-headed ogres
  A wolf spider simulacrum (D:14)
  22 polar bears
  25 raiju
  14 slime creatures
  Grinder (D:5)
  21 blink frogs
  A meliai zombie (D:12)
  7 hippogriffs
  A stone giant simulacrum (Vaults:2)
  14 starcursed masses
  5 dream sheep (Lair:5)
  A shadow (D:13)
  4 vampires
  5 ynoxinuls
  3 wyverns
  23 humans (D:14)
  A centaur simulacrum (D:15)
  4 wraiths
  54 yaks
  An ettin skeleton (Vaults:4)
  3 basilisks
  8 fire bats
  4 hungry ghosts
  5 neqoxecs
  7 hogs (Lair:6)
  A human (shapeshifter) (Abyss:4)
  3 water elementals (Abyss:5)
  2 chaos spawn (Abyss:4)
  A redback simulacrum (D:14)
  16 large abominations
  A steam dragon (Volcano)
  12 spatial vortices
  2 human simulacra (Vaults:2)
  7 wargs
  2 mottled dragons
  37 nagas
  9 hell hounds
  16 water moccasins
  12 porcupines
  48 orc warriors
  A sky beast (D:6)
  13 ice beasts
  14 small abominations
  15 black bears
  2 eyes of draining
  47 ogres
  3 phantoms
  33 wolves
  A manticore skeleton (Abyss:4)
  4 boggarts (Vaults:2)
  12 centaurs
  12 crocodiles
  2 big kobolds
  14 bullfrogs
  2 earth elementals (Abyss:5)
  A water moccasin zombie (D:7)
  A wyvern skeleton (D:13)
  A scorpion (shapeshifter) (Vaults:2)
  A water moccasin skeleton (D:9)
  3 troll zombies (D:11)
  25 killer bees
  9 wights
  2 electric eels (Lair:3)
  7 crimson imps
  5 lava snakes (Volcano)
  6 quasits
  7 centaur zombies
  3 jellies
  Crazy Yiuf (D:4)
  3 bullfrog skeletons
  2 bullfrog zombies
  20 hounds
  31 orc priests
  5 centaur skeletons
  2 iron imps
  28 orc wizards
  3 iguanas
  4 polar bear simulacra (Lair:6)
  9 worker ants
  A yak simulacrum (Lair:6)
  A killer bee zombie (D:7)
  2 wolf simulacra (Lair:6)
  5 ogre zombies (D:11)
  A hound skeleton (D:8)
  A worker ant zombie (D:11)
  20 adders
  4 gnolls (D:6)
  2 howler monkey skeletons
  5 shadow imps
  3 ufetubi (Abyss:3)
  An adder zombie (D:8)
  2 adder skeletons
  3 dart slugs
  4 leopard geckos
  83 orcs
  8 giant cockroaches
  5 goblins
  9 hobgoblins
  3 jackals (D:1)
  14 kobolds
  4 quokkas
  9 bats
  3 frilled lizards
  3 goblin zombies (D:11)
  4 hobgoblin skeletons (D:11)
  4 hobgoblin zombies (D:11)
  An orc skeleton (D:11)
  13 orc zombies (D:11)
  8 rats
  4 river rat simulacra (Lair:6)
  2 fungi (Lair:6)
  A lurking horror (Abyss:3)
  5 plants
  9 starspawn tentacles
1714 creatures vanquished.

Vanquished Creatures (collateral kills)
  A water moccasin (Lair:2)
1 creature vanquished.

Vanquished Creatures (others)
  A storm dragon (Vaults:4)
  2 vault wardens (Vaults:5)
  A ghost moth (shapeshifter) (Vaults:5)
  A fire dragon (Volcano)
  3 hydras
  An ogre mage (Vaults:2)
  A naga ritualist (Snake:4)
  A yaktaur (Vaults:2)
  A red devil (Abyss:3)
  A hell hound (Volcano)
  A killer bee (D:12)
  11 fungi
  A lurking horror (Abyss:2)
  21 plants
  13 starspawn tentacles
60 creatures vanquished.

Grand Total: 1775 creatures vanquished

Notes
Turn   | Place    | Note
-------+----------+-------------------------------------------
     0 | Abyss:1  | Gargoyl the Ghoul Abyssal Knight began the quest for the Orb.
     0 | Abyss:1  | Reached XP level 1. HP: 19/19 MP: 1/1
    56 | Abyss:1  | Found a corrupted altar of Lugonu.
    94 | Abyss:1  | Noticed an iron imp
   108 | Abyss:1  | Killed an iron imp
   108 | Abyss:1  | Reached skill level 1 in Dodging
   108 | Abyss:1  | Reached XP level 2. HP: 1/26 MP: 3/3
   108 | Abyss:1  | Reached XP level 3. HP: 2/32 MP: 4/4
   116 | Abyss:1  | Noticed a raiju
   128 | Abyss:1  | Noticed a small abomination
   142 | Abyss:1  | Noticed a shining eye
   185 | Abyss:1  | Noticed a demonic crawler
   186 | D:1      | Escaped the Abyss
   594 | D:1      | Reached * piety under Lugonu
   822 | D:1      | Reached XP level 4. HP: 38/40 MP: 5/5
  2072 | D:2      | Found a sparkling altar of Nemelex Xobeh.
  2207 | D:2      | Found an opulent altar of Gozag.
  2306 | D:2      | Found an ancient bone altar of Kikubaaqudgha.
  2780 | D:2      | Found an iron altar of Okawaru.
  3247 | D:3      | Reached XP level 5. HP: 31/46 MP: 6/6
  3400 | D:4      | Noticed an ogre
  3414 | D:4      | Killed an ogre
  3906 | D:4      | Reached XP level 6. HP: 45/52 MP: 7/7
  4239 | D:4      | Found a runed door.
  4331 | D:4      | Found a hide-covered altar of Uskayaw.
  4331 | D:4      | Found a shattered altar of Ashenzari.
  4332 | D:4      | Found a shadowy altar of Dithmenos.
  4773 | D:4      | Noticed Crazy Yiuf
  4788 | D:4      | Killed Crazy Yiuf
  4844 | D:5      | Entered Level 5 of the Dungeon
  4855 | D:5      | Found Ficu's Antique Weapon Shop.
  4918 | D:5      | Found a white marble altar of Elyvilon.
  4928 | D:5      | Bought a transparent war axe for 153 gold pieces
  4928 | D:5      | Identified the +9 war axe of the Lurker {chop, Dex+5} (You bought it in a shop on level 5 of the Dungeon)
  5030 | D:5      | Reached XP level 7. HP: 52/60 MP: 7/9
  5093 | D:5      | Noticed Grinder
  5100 | D:5      | Killed Grinder
  5359 | D:5      | Reached skill level 5 in Armour
  5553 | D:5      | Reached skill level 1 in Shields
  5553 | D:5      | Reached XP level 8. HP: 67/67 MP: 10/10
  5576 | D:5      | Reached ** piety under Lugonu
  6047 | D:6      | Noticed Prince Ribbit
  6051 | D:6      | Reached skill level 5 in Fighting
  6077 | D:5      | Killed Prince Ribbit
  6077 | D:5      | Reached skill level 5 in Invocations
  6198 | D:6      | Reached skill level 5 in Axes
  6348 | D:6      | Found a burning altar of Makhleb.
  6348 | D:6      | Found a radiant altar of Vehumet.
  6388 | D:6      | Found a deep blue altar of Sif Muna.
  6438 | D:6      | Found a staircase to the Ecumenical Temple.
  6727 | D:7      | Found a basalt altar of Yredelemnul.
  6771 | D:7      | Reached XP level 9. HP: 72/74 MP: 12/12
  7166 | D:7      | Found a shimmering altar of Xom.
  7584 | D:8      | Found Agoz's Antique Weapon Shop.
  7659 | D:8      | Reached *** piety under Lugonu
  7986 | D:8      | Noticed mora's ghost (novice DsBe)
  8002 | D:8      | Killed mora's ghost
  8002 | D:8      | Reached skill level 1 in Evocations
  8002 | D:8      | Reached XP level 10. HP: 72/83 MP: 13/13
  8253 | D:8      | Found a bloodstained altar of Trog.
  8254 | D:8      | Found an iron altar of Okawaru.
  8731 | D:9      | Noticed Joseph
  8762 | D:9      | Killed Joseph
  9137 | D:9      | Reached **** piety under Lugonu
  9182 | D:9      | Identified a scroll of acquirement
  9183 | D:9      | Got a brightly glowing crystal plate armour
  9194 | D:9      | Identified the +3 crystal plate armour of Crawling {Slay+4} (You acquired it on level 9 of the Dungeon)
  9339 | D:9      | Got a crude large shield
  9350 | D:9      | Identified the +5 large shield of Fanaticism {rPois Regen+} (You found it on level 9 of the Dungeon)
  9567 | D:10     | Entered Level 10 of the Dungeon
  9570 | D:10     | Found a white marble altar of Elyvilon.
  9737 | D:10     | Reached XP level 11. HP: 77/91 MP: 15/15
  9894 | D:10     | Reached ***** piety under Lugonu
 10227 | D:11     | Found a staircase to the Lair.
 10262 | D:11     | Found a staircase to the Orcish Mines.
 10350 | D:11     | Found a frozen archway.
 10363 | D:11     | Reached skill level 5 in Shields
 10392 | IceCv    | Entered an ice cave
 10633 | IceCv    | Reached XP level 12. HP: 86/100 MP: 17/17
 10779 | IceCv    | Noticed a death yak
 10786 | IceCv    | Reached skill level 10 in Axes
 10795 | IceCv    | Killed a death yak
 10847 | IceCv    | Noticed a frost giant
 10847 | IceCv    | Noticed a death yak
 10860 | IceCv    | Killed a death yak
 10900 | IceCv    | Killed a frost giant
 10960 | IceCv    | Identified the Almanac of the Frostbite
 11170 | D:11     | Reached skill level 10 in Armour
 11608 | D:11     | Reached ****** piety under Lugonu
 11799 | D:11     | Reached skill level 10 in Invocations
 12126 | Lair:1   | Entered Level 1 of the Lair of Beasts
 12166 | Lair:1   | Reached XP level 13. HP: 91/108 MP: 19/19
 13056 | Lair:1   | Noticed fatfloppyjuicyveiny's ghost (journeyman CeHu)
 13066 | Lair:1   | Killed fatfloppyjuicyveiny's ghost
 14305 | Lair:3   | Got a transparent rapier
 14306 | Lair:3   | Identified the +3 rapier of Dudop {protect, +Blink Dex+4} (You found it on level 3 of the Lair of Beasts)
 14829 | Lair:3   | Found a white marble altar of Elyvilon.
 15427 | Lair:4   | Found a staircase to the Snake Pit.
 15553 | Lair:4   | Reached XP level 14. HP: 63/118 MP: 21/21
 16051 | Lair:4   | Found a staircase to the Swamp.
 16805 | Lair:6   | Entered Level 6 of the Lair of Beasts
 17087 | Lair:6   | Noticed Kirke
 17100 | Lair:6   | Killed Kirke
 17451 | Lair:6   | Found a viscous altar of Jiyva.
 17451 | Lair:6   | Found a staircase to the Slime Pits.
 17703 | Lair:6   | Reached XP level 15. HP: 101/126 MP: 23/23
 17866 | Lair:6   | Reached skill level 10 in Fighting
 17877 | Lair:6   | Reached skill level 10 in Shields
 17896 | Lair:6   | Got a bound marble ring
 18597 | Orc:1    | Entered Level 1 of the Orcish Mines
 18953 | Orc:2    | Entered Level 2 of the Orcish Mines
 18953 | Orc:2    | Found a roughly hewn altar of Beogh.
 18981 | Orc:2    | Found a staircase to the Elven Halls.
 19097 | Orc:2    | Found a roughly hewn altar of Beogh.
 19326 | Orc:1    | Found a dark tunnel.
 19331 | Volcano  | Entered a volcano
 19494 | Volcano  | Found a radiant altar of Vehumet.
 19775 | Orc:2    | Found a roughly hewn altar of Beogh.
 19855 | Orc:2    | Found a roughly hewn altar of Beogh.
 19947 | Orc:2    | Found a roughly hewn altar of Beogh.
 20046 | Orc:2    | Found a roughly hewn altar of Beogh.
 20187 | Orc:2    | Noticed an orc warlord
 20232 | Orc:2    | Killed an orc warlord
 20311 | Orc:2    | Found Juatah's Antique Weapon Shoppe.
 20312 | Orc:2    | Found a roughly hewn altar of Beogh.
 20324 | Orc:2    | Found Nuuchezxer's Antique Armour Emporium.
 20372 | Orc:2    | Found a roughly hewn altar of Beogh.
 20387 | Orc:2    | Found Pecieh's Magic Scroll Shop.
 20403 | Orc:2    | Identified the ring of the Fiend {AC+6 Dex+2} (You found it on level 6 of the Lair of Beasts)
 20435 | Orc:2    | Found a roughly hewn altar of Beogh.
 20485 | Orc:2    | Found Xiteotant's Weapon Boutique.
 21417 | D:13     | Reached XP level 16. HP: 131/135 MP: 24/24
 22498 | D:14     | Found a gate to the Vaults.
 22892 | D:15     | Entered Level 15 of the Dungeon
 23049 | D:15     | Found a staircase to the Depths.
 23422 | D:15     | Found Ihebryoco's Blood Bar.
 23943 | Snake:1  | Entered Level 1 of the Snake Pit
 24202 | Snake:1  | Noticed soukkis's ghost (journeyman MiFi)
 24242 | Snake:1  | Reached XP level 17. HP: 134/144 MP: 26/26
 24503 | Snake:1  | Killed soukkis's ghost
 24507 | Snake:1  | Reached skill level 15 in Axes
 24804 | Snake:2  | Found a sacrificial altar of Ru.
 24807 | Snake:2  | Found Irelasm's Antique Weapon Boutique.
 26222 | Snake:4  | Entered Level 4 of the Snake Pit
 26588 | Snake:4  | Noticed Roxanne
 26620 | Snake:4  | Killed Roxanne
 26750 | Snake:4  | Reached skill level 15 in Invocations
 26793 | Snake:4  | Reached XP level 18. HP: 150/154 MP: 28/28
 26952 | Snake:4  | Found Toatwiad's Gadget Shoppe.
 27156 | Snake:4  | Noticed Aizul
 27191 | Snake:4  | Killed Aizul
 27431 | Snake:4  | Noticed Donald
 27438 | Snake:4  | Killed Donald
 27493 | Snake:4  | Got a serpentine rune of Zot
 28060 | Vaults:1 | Entered Level 1 of the Vaults
 29284 | Vaults:2 | Reached XP level 19. HP: 153/163 MP: 29/29
 29354 | Vaults:2 | Cast into level 3 of the Abyss (a deep elf demonologist)
 29438 | Abyss:3  | Noticed a bone dragon
 29470 | Abyss:3  | Killed a bone dragon
 29501 | Abyss:3  | Got an abyssal rune of Zot
 29505 | Vaults:2 | Escaped the Abyss
 30771 | Vaults:2 | Found a white marble altar of Elyvilon.
 31075 | Vaults:3 | Noticed Jorgrun
 31088 | Vaults:3 | Killed Jorgrun
 31519 | Vaults:2 | Reached XP level 20. HP: 142/173 MP: 31/31
 31741 | Vaults:3 | Reached skill level 15 in Armour
 32345 | Vaults:3 | Found a staircase to the Crypt.
 32853 | Vaults:4 | Reached skill level 15 in Shields
 33009 | Vaults:4 | Paralysed by a sphinx for 4 turns
 33312 | Vaults:4 | Cast into level 3 of the Abyss (a deep elf sorcerer)
 33382 | Abyss:3  | Got a scintillating platinum ring
 33383 | Abyss:3  | Identified the ring "Uviqiux" {rC+ Str+2} (You found it on level 3 of the Abyss)
 33400 | Abyss:4  | Found a corrupted altar of Lugonu.
 33444 | Abyss:4  | Noticed a profane servitor
 33461 | Abyss:4  | Killed a profane servitor
 33643 | Abyss:5  | Entered Level 5 of the Abyss
 33683 | Abyss:5  | Got a spiked cloak
 33743 | Vaults:4 | Escaped the Abyss
 33908 | Vaults:4 | Reached XP level 21. HP: 183/183 MP: 32/32
 33975 | Vaults:4 | Identified the +1 cloak of Indomitability {rF+ Str+2 Int+3} (You found it on level 5 of the Abyss)
 33983 | Vaults:4 | Reached skill level 15 in Fighting
 34268 | Vaults:4 | Cast into level 2 of the Abyss (a deep elf sorcerer)
 35388 | Vaults:4 | Escaped the Abyss
 35574 | Vaults:5 | Entered Level 5 of the Vaults
 35627 | Vaults:5 | Noticed eskilway's ghost (adept TrMo)
 35644 | Vaults:4 | Reached XP level 22. HP: 129/194 MP: 33/33
 35724 | Vaults:5 | Killed eskilway's ghost
 35809 | Vaults:5 | Noticed a golden dragon
 35821 | Vaults:5 | Killed a golden dragon
 36181 | Vaults:5 | Noticed a golden dragon
 36203 | Vaults:4 | Killed a golden dragon
 36404 | Vaults:5 | Paralysed by a sphinx for 5 turns
 36412 | Vaults:5 | Paralysed by a sphinx for 2 turns
 36415 | Vaults:5 | HP: 2/195 [tengu reaver/fireball (23)]
 36495 | Vaults:5 | Escaped the Abyss
 36625 | Vaults:5 | Noticed an ancient lich
 36638 | Vaults:4 | Collided with a metal wall

Skill      XL: |  1  2  3  4  5  6  7  8  9 10 11 12 13 14 15 16 17 18 19 20 21 22 |
---------------+-------------------------------------------------------------------+-----
Axes           | 2 3 4 5 6 8 9 10 11 12 14 15 16 17 18 | 18.0
Armour         | 2 3 4 5 6 7 8 9 10 11 12 13 14 15 16 | 16.4
Dodging        | 1 2 |  2.4
Invocations    | 3 4 5 6 7 9 10 11 12 13 14 15 16 17 18 | 18.2
Fighting       | 4 5 6 7 8 9 10 11 12 13 14 15 16 | 16.3
Shields        | 1 3 4 5 7 8 9 10 11 12 13 14 15 16 | 16.8
Evocations     | 1 |  1.0
Throwing       | |  0.5

Action                   |  1- 3 |  4- 6 |  7- 9 | 10-12 | 13-15 | 16-18 | 19-21 | 22-24 || total
-------------------------+-------+-------+-------+-------+-------+-------+-------+-------++-------
Melee: Hand axe          |    58 |   230 |       |       |       |       |       |       ||   288
       War axe           |       |    14 |   211 |   546 |  1062 |  1169 |  1341 |   232 ||  4575
Throw: Tomahawk          |       |       |       |     8 |     2 |     3 |     2 |     4 ||    19
Invok: Depart the Abyss  |     1 |       |       |       |       |       |     3 |     1 ||     5
       Bend Space        |       |       |     1 |       |       |       |       |     1 ||     2
       Banish            |       |       |       |     1 |    13 |     4 |       |     7 ||    25
       Enter the Abyss   |       |       |       |       |       |       |       |     1 ||     1
Evoke: Wand              |       |       |     9 |       |       |       |       |     2 ||    11
  Use: Potion            |     2 |     8 |     1 |       |     5 |     1 |     1 |     6 ||    24
       Scroll            |       |     2 |    16 |    12 |    11 |     9 |     5 |     6 ||    61
 Stab: Confused          |       |       |       |       |       |     1 |       |       ||     1
  Eat: Chunk             |    16 |    22 |    37 |    71 |   130 |    94 |   122 |    56 ||   548
       Meat ration       |       |       |     1 |       |     1 |     2 |     6 |     2 ||    12
Armor: Leather armour    |    26 |    15 |       |       |       |       |       |       ||    41
       Chain mail        |       |    71 |   127 |       |       |       |       |       ||   198
       Ring mail         |       |    11 |       |       |       |       |       |       ||    11
       Plate armour      |       |       |    32 |    80 |       |       |       |       ||   112
       Crystal plate arm |       |       |       |   258 |   693 |   497 |   680 |   410 ||  2538
Dodge: Dodged            |    56 |   102 |    35 |    24 |    65 |    57 |   137 |    76 ||   552
Block: Shield            |       |    21 |    88 |       |       |       |       |       ||   109
       Large shield      |       |       |    47 |   559 |  1338 |  1356 |  1580 |   424 ||  5304
